 Dungeon Crawl Stone Soup version 0.27.1-33-g824d729ab1 (webtiles) character file.

Game seed: 15208715771049012054

14 potato4science the Sneak (level 2, 0/18 HPs)
             Began as an Octopode Hedge Wizard on Dec 17, 2021.
             Slain by a jackal (2 damage)
             ... on level 1 of the Dungeon.
             The game lasted 00:02:19 (867 turns).

potato4science the Sneak (Octopode Hedge Wizard)     Turns: 867, Time: 00:02:19

Health: 0/18       AC:  1    Str:  9    XL:     2   Next: 45%
Magic:  6/6        EV: 13    Int: 16    God:
Gold:   40         SH:  0    Dex: 11    Spells: 6/7 levels left

rFire    . . .     SeeInvis .   a - +0 dagger
rCold    . . .     Faith    .   (no shield)
rNeg     . . .     Spirit   .   b - +0 hat
rPois    .         Reflect  .   (no amulet)
rElec    .         Harm     .   (no ring)
rCorr    .         Rampage  .   (no ring)
Will     .....                  (no ring)
Stlth    +++.......             (no ring)
HPRegen  0.06/turn              (no ring)
MPRegen  0.10/turn              (no ring)
                                (no ring)
                                (no ring)

@: no status effects
A: almost no armour, amphibious, 8 rings, camouflage 1, gelatinous body 1,
(nimble swimmer 1), tentacles
a: no special abilities


You were on level 1 of the Dungeon.
You visited 1 branch of the dungeon, and saw 1 of its levels.

You collected 40 gold pieces.

Inventory:

Hand Weapons
 a - a +0 dagger (weapon)
Armour
 b - a +0 hat (worn)
Magical Staves
 h - a staff of fire
Scrolls
 c - a scroll of vulnerability {unknown}
 d - a scroll of identify {unknown}
 e - a scroll of acquirement {unknown}
 f - a scroll of fog {unknown}
Potions
 g - a potion of heal wounds {unknown}


   Skills:
 + Level 0.8 Fighting
 - Level 2.0 Dodging
 - Level 4.0 Stealth
 - Level 3.0 Spellcasting
 - Level 1.0 Conjurations
 - Level 1.0 Summonings
 - Level 1.0 Translocations


You had 6 spell levels left.
You knew the following spells:

 Your Spells              Type           Power      Damage    Failure   Level
a - Magic Dart            Conj           20%        1d4       12%         1

Your spell library contained the following spells:

 Spells                   Type           Power      Damage    Failure   Level
 Blink                    Tloc           N/A        N/A       19%         2
 Call Imp                 Summ           5%         N/A       19%         2
 Slow                     Hex            2%         N/A       28%         2
 Conjure Flame            Conj/Fire      4%         6-21      41%         3
 Mephitic Cloud           Conj/Pois/Air  3%         N/A       43%         3


Dungeon Overview and Level Annotations

Branches:
Dungeon (1/15)

Altars:


Innate Abilities, Weirdness & Mutations

You cannot wear most types of armour.
You are amphibious.
You can wear up to eight rings at the same time.
Your skin changes colour to match your surroundings (Stealth+).
Your rubbery body absorbs attacks. (AC +1, EV +1)
((You are camouflaged near water. (Stealth+)))
You have tentacles for arms and can constrict up to eight enemies at once.


Message History

You start resting.
Magic restored.
You start resting.
HP restored. 2 jackals and a gnoll come into view.
Found 5 gold pieces and a ring mail.
Found a stone staircase leading down.
The jackal barks!
The gnoll shouts!
The jackal barks!
The ball python hisses angrily.
The jackal barks!
There is an escape hatch in the floor here.
You see here a +0 spear.
The jackal stops to sniff the ground.
The jackal barely misses you. The jackal misses you. The jackal bites you.
The jackal closely misses you. The jackal bites you.
You miss the jackal. Your grab misses the jackal.
You hit the jackal but do no damage. Your grab misses the jackal.
The jackal barely misses you. The jackal closely misses you.
The jackal bites you but does no damage.
You hit the ball python. You grab the ball python.
The ball python is heavily wounded.
You constrict the ball python. The ball python bites you.
The ball python misses you. The jackal bites you.
The jackal closely misses you. The ball python barely misses you.
The ball python misses you.
You release your grip on the ball python.
The jackal barely misses you. The jackal closely misses you.
The jackal misses you. The jackal bites you. The jackal bites you.
The jackal completely misses you. The jackal barely misses you.
The jackal bites you.
* * * LOW HITPOINT WARNING * * *
The jackal misses you. The jackal bites you.
* * * LOW HITPOINT WARNING * * *
The jackal closely misses you. The jackal bites you.
* * * LOW HITPOINT WARNING * * *
The jackal bites you.
You die...

.# ### .# ############ .#####
#..........#
.....######..........# #####
.....#...............# #...#
.....#...............# #...#
.....#...........##### #...#
.....#.........h.##########...###
.............Shh@................
.....#.......g...##########...###
+#####.....).....# #...# .#
#.....########## #####...# .#
#.....##.......# #.(.....#
.#####.....##.......# #......##
....##..............# #......#
....######..........# #......#
....# #......##### #......#


You could see a gnoll, 3 jackals and a ball python.

Vanquished Creatures
  A ball python (D:1)
  A bat (D:1)
  2 endoplasms (D:1)
  A goblin (D:1)
  A hobgoblin (D:1)
  A kobold (D:1)
  2 quokkas (D:1)
  2 frilled lizards (D:1)
  A rat (D:1)
12 creatures vanquished.

Notes
Turn   | Place    | Note
-------+----------+-------------------------------------------
     0 | D:1      | potato4science the Octopode Hedge Wizard began the quest
                  | for the Orb.
     0 | D:1      | Reached XP level 1. HP: 11/11 MP: 4/4
    89 | D:1      | Reached skill level 3 in Stealth
   470 | D:1      | Reached XP level 2. HP: 17/17 MP: 6/6
   478 | D:1      | Reached skill level 4 in Stealth
   628 | D:1      | Found a faded altar of an unknown god.
   867 | D:1      | Slain by a jackal

Illustrated notes

Levels and vault maps discovered:
D:1:      wander_arrival_chamber, layout_basic, basic_ecumenical_altar

Skill      XL: |  1  2 |
---------------+-------+-----
Stealth        | 3 4 |  4.0
Fighting       | |  0.8
Dodging        | |  2.0
Spellcasting   | |  3.0
Conjurations   | |  1.0
Summonings     | |  1.0
Translocations | |  1.0

Action                   || total
-------------------------++-------
Melee: Dagger            ||    18
       Tentacles         ||     1
       Constrict         ||     2
 Cast: Magic Dart        ||    15
 Stab: Sleeping          ||     4
Armor: Skin              ||     1
Dodge: Dodged            ||    23
